 Dungeon Crawl Stone Soup version 0.26-a0-708-g17f3b190f9 (webtiles) character file.

Game seed: 9880567550141224924

101 dickylongcocking the Stinger (level 4, 0/36 HPs)
             Began as a Naga Venom Mage on Oct 30, 2020.
             Was an Initiate of Kikubaaqudgha.
             Slain by a sky beast (1 damage)
             ... on level 3 of the Dungeon.
             The game lasted 00:02:31 (3136 turns).

dickylongcocking the Stinger (Naga Venom Mage)      Turns: 3136, Time: 00:02:32

Health: 0/36       AC:  3    Str: 10    XL:     4   Next: 75%
Magic:  0/7        EV: 10    Int: 16    God:    Kikubaaqudgha [......]
Gold:   110        SH:  0    Dex: 12    Spells: 3/7 levels left

rFire    + + .     SeeInvis +   i - +1 dagger (drain)
rCold    + + .     Faith    .   (no shield)
rNeg     . . .     Spirit   +   a - +0 robe
rPois    +         Reflect  .   h - +0 helmet
rElec    +         Harm     .   (no cloak)
rCorr    +         Rampage  .   (no gloves)
MR       .....                  (no barding)
Stlth    ++........             l - amulet of guardian spirit
HPRegen  0.12/turn              f - ring of protection from fire
MPRegen  0.10/turn              m - ring of protection from cold

@: mighty, resistant, stab, very slow
A: large, see invisible, deformed body, poison resistance, slowness 2, spit
poison 1, AC +1
a: Spit Poison, Renounce Religion


You were on level 3 of the Dungeon.
You worshipped Kikubaaqudgha.
Kikubaaqudgha was noncommittal.
You visited 1 branch of the dungeon, and saw 3 of its levels.

You collected 110 gold pieces.

Inventory:

Hand Weapons
 c - a +1 whip of draining
 i - a +1 dagger of draining (weapon)
Armour
 a - a +0 robe (worn)
 h - a +0 helmet (worn)
Jewellery
 f - a ring of protection from fire (left hand)
 l - an amulet of guardian spirit (around neck)
 m - a ring of protection from cold (right hand)
Scrolls
 b - 4 scrolls of identify {unknown}
 e - 2 scrolls of remove curse {unknown}
 g - 2 scrolls of enchant weapon {unknown}
 j - a scroll of noise {unknown}
 k - a scroll of fog {unknown}
 r - a scroll of teleportation {unknown}
Potions
 o - a potion of flight {unknown}
 p - a potion of might
 q - a potion of heal wounds {unknown}


   Skills:
 - Level 1.5 Dodging
 - Level 3.0 Stealth
 * Level 2.1 Spellcasting
 * Level 0.5 Necromancy
 - Level 1.0 Transmutations
 * Level 6.8 Poison Magic


You had 3 spell levels left.
You knew the following spells:

 Your Spells              Type           Power        Failure   Level
a - Sting                 Tmut/Pois      ##..         4%          1
i - Ignite Poison         Fire/Tmut/Pois ##......     22%         3

Your spell library contained the following spells:

 Spells                   Type           Power        Failure   Level
 Poisonous Vapours        Pois/Air       ##....       8%          2
 Mephitic Cloud           Conj/Pois/Air  #.......     24%         3
 Olgreb's Toxic Radiance  Pois           ###.....     12%         4


Dungeon Overview and Level Annotations

Branches:
Dungeon (3/15)

Altars:
Dithmenos
Kikubaaqudgha
Sif Muna
Yredelemnul


Innate Abilities, Weirdness & Mutations

You cannot wear boots.
Your serpentine skin is tough. (AC +1)
You have supernaturally acute eyesight. (SInv)
Armour fits poorly on your strangely shaped body.
Your system is resistant to poisons. (rPois)
You cover ground very slowly.
You can spit poison.


Message History

Aim: a sky beast (lightly wounded, slightly transparent, poisoned)
Okay, then.
It was a potion of resistance.
You feel protected.
The sky beast hits you but does no damage.
It was a potion of stabbing.
You feel ready to backstab. The sky beast hits you.
* * * LOW HITPOINT WARNING * * *
The sky beast shocks you. You resist.
* * * LOW HITPOINT WARNING * * *
Unknown command.
Okay, then.
It was a potion of might.
You feel very mighty all of a sudden. The sky beast hits you.
* * * LOW HITPOINT WARNING * * *
The sky beast shocks you. You resist.
You die...
Kikubaaqudgha rasps: "You have failed me!
Welcome... death!"

#####.##########
#.....####
#.#......#
#.#.####...
..#....#
##.#.†#...#
..##.# ..Y#
#+##Y## ... #.@#
.. ##..# . ##..#
#... ###. #


You could see a sky beast (invisible, poisoned).

Vanquished Creatures
  3 adders
  An ooze (D:1)
  5 worms (D:2)
  3 dart slugs
  3 giant cockroaches
  7 goblins
  5 hobgoblins
  2 jackals (D:2)
  7 kobolds
  A quokka (D:2)
  A ball python (D:2)
  5 bats
  2 frilled lizards
  6 rats
51 creatures vanquished.

Notes
Turn   | Place    | Note
-------+----------+-------------------------------------------
     0 | D:1      | dickylongcocking the Naga Venom Mage began the quest for
                  | the Orb.
     0 | D:1      | Reached XP level 1. HP: 15/15 MP: 3/3
   640 | D:1      | Reached XP level 2. HP: 22/22 MP: 5/5
  1021 | D:1      | Reached skill level 5 in Poison Magic
  1501 | D:2      | Reached XP level 3. HP: 6/28 MP: 2/6
  1744 | D:2      | Learned a level 3 spell: Ignite Poison
  2064 | D:2      | Reached skill level 6 in Poison Magic
  2271 | D:2      | Reached XP level 4. HP: 25/36 MP: 4/7
  2560 | D:2      | Found a shadowy altar of Dithmenos.
  2573 | D:2      | Found a shimmering blue altar of Sif Muna.
  2593 | D:2      | Found a basalt altar of Yredelemnul.
  2609 | D:2      | Found an ancient bone altar of Kikubaaqudgha.
  2720 | D:2      | Became a worshipper of Kikubaaqudgha
  3026 | D:3      | Noticed a sky beast
  3136 | D:3      | HP: 1/36 [sky beast (2)]
  3136 | D:3      | Slain by a sky beast

Illustrated notes

Levels and vault maps discovered:
D:1:      scummos_arrival_checkerplants, layout_basic
D:2:      minmay_angry_zag, layout_loops_cross,
          nicolae_overflow_quartered_altars
D:3:      minmay_evil_eye, layout_basic, uniq_ijyb

Skill      XL: |  1  2  3 |
---------------+----------+-----
Poison Magic   | 5 6 |  6.8
Dodging        | |  1.5
Stealth        | |  3.0
Spellcasting   | |  2.1
Necromancy     | |  0.5
Transmutations | |  1.0

Action                   |  1- 3 |  4- 6 || total
-------------------------+-------+-------++-------
Melee: Whip              |    19 |       ||    19
       Dagger            |    62 |    59 ||   121
 Cast: Sting             |    21 |    11 ||    32
 Abil: Spit Poison       |     8 |       ||     8
  Use: Potion            |       |     3 ||     3
 Stab: Sleeping          |     2 |     3 ||     5
       Distracted        |       |     1 ||     1
Armor: Robe              |    12 |    18 ||    30
Dodge: Dodged            |    57 |    41 ||    98

Table legend: (Time is in decaauts)
 A = Elapsed time spent in this place.
 B = Non-inter-level travel time spent in this place.
 C = Inter-level travel time spent in this place.
 D = Time resting spent in this place.
 E = Time spent auto-exploring this place.
 F = Levels seen in this place.
 G = Mean time per level.
                   A        B        C        D        E       F      G
               +--------+--------+--------+--------+--------+-----+--------+
         Total |   3686 |   3613 |     73 |    763 |   2296 |   3 | 1228.7 |
       Dungeon |   3686 |   3613 |     73 |    763 |   2296 |   3 | 1228.7 |
               +--------+--------+--------+--------+--------+-----+--------+

Top non-repeatable levels by time:
     D:2: 1829 daAuts
     D:1: 1629 daAuts
     D:3: 227 daAuts
